 Dungeon Sprint DCSS version 0.15-a0-2232-g756d4b8 (webtiles) character file.

4575 BluebellGnoll the Unseen (level 10, -13/44 HPs)
             Began as a Spriggan Enchanter on July 24, 2014.
             Was the Champion of Sif Muna.
             Killed by divine providence
             ... invoked by an orc priest
              (14 damage)
             ... in the Dungeon (Sprint IX: "|||||||||||||||||||||||||||||").
             The game lasted 00:14:18 (2725 turns).

BluebellGnoll the Unseen (Spriggan Enchanter)       Turns: 2725, Time: 00:14:19

HP -13/44        AC  4     Str  4      XL: 10   Next: 18%
MP  34/34        EV 30     Int 20      God: Sif Muna [******]
Gold 0           SH  0     Dex 17      Spells: 10 memorised,  4 levels left

rFire  + . .     SeeInvis +     y - +2 cutlass of Famine {drain, rF+}
rCold  . . .     Clarity  .     b - +1 robe
rNeg   . . .     rCorr    .     (shield restricted)
rPois  .         rRot     .     (helmet restricted)
rElec  .         Spirit   .     z - +0 cloak
SustAb .         Warding  .     (gloves unavailable)
rMut   .         NoTele   +     (boots unavailable)
Gourm  .                        (no amulet)
MR     +....                    q - +2 ring of evasion
                                p - +2 ring of evasion

@: very quick, somewhat resistant to hostile enchantments, incredibly stealthy
A: unfitting armour, see invisible, herbivore 3, speed 3, slow metabolism 2
a: Channel Energy, Forget Spell, Renounce Religion


You were in the Dungeon.
You worshipped Sif Muna.
Sif Muna was exalted by your worship.
You were completely stuffed.

You visited 1 branch

Inventory:

Hand weapons
 n - a +2 cutlass of venom
 o - the +4 quarterstaff "Demonbane" {holy, SInv}
   (You found it in the Dungeon)

   It has been blessed by the Shining One to cause great damage to the undead
   and demons.
   It enhances your eyesight.
 y - the +2 cutlass of Famine (weapon) {drain, rF+}
   (You found it in the Dungeon)

   A truly terrible weapon, it drains the life of those it strikes.
   It protects you from fire.
Armour
 b - a +1 robe (worn)
 z - a +0 cloak (worn)
Magical devices
 m - a wand of fire (14)
Comestibles
 a - 31 fruits
 x - 13 bread rations
Scrolls
 j - 2 scrolls of blinking
 k - 3 scrolls of remove curse
 l - 2 scrolls of amnesia
 u - a scroll of recharging
 v - a scroll of fog
 w - 4 scrolls of identify
Jewellery
 p - a +2 ring of evasion (left hand)
 q - a +2 ring of evasion (right hand)
Potions
 d - a potion of porridge
 e - 6 potions of curing
 f - 4 potions of heal wounds
 g - a potion of invisibility
 h - 4 potions of magic
 i - a potion of berserk rage
 s - 2 potions of might
 t - a potion of agility
Books
 c - a book of Maledictions

   Spells                             Type                      Level
   *Corona                            Hexes                        1
   *Sure Blade                        Hexes/Charms                 2
   *Ensorcelled Hibernation           Hexes/Ice                    2
   *Confuse                           Hexes                        3
   *Dazzling Spray                    Conjuration/Hexes            3
   *Enslavement                       Hexes                        4
 r - Sif Muna's Volume of the Oath
   (Sif Muna gifted it to you in the Dungeon)

   Spells                             Type                      Level
   Slow                               Hexes                        2
   *Confuse                           Hexes                        3
   Tukima's Dance                     Hexes                        3
   *Cause Fear                        Hexes                        4
   Silence                            Hexes/Air                    5
 A - Sif Muna's Guide on the Frigorific Oath
   (Sif Muna gifted it to you in the Dungeon)

   Spells                             Type                      Level
   *Ensorcelled Hibernation           Hexes/Ice                    2
   *Inner Flame                       Hexes/Fire                   3
   Fulminant Prism                    Conjuration/Hexes            4
   *Metabolic Englaciation            Hexes/Ice                    5
   *Mass Confusion                    Hexes                        6


   Skills:
 - Level 8.3 Short Blades
 - Level 10.8 Dodging
 - Level 19.8 Stealth
 - Level 14.3 Spellcasting
 - Level 5.2 Conjurations
 - Level 10.8 Hexes
 - Level 5.7 Charms


You had 4 spell levels left.
You knew the following spells:

 Your Spells              Type           Power        Failure   Level  Hunger
a - Corona                Hex            ######.      1%          1    None
b - Ensorcelled Hibernat  Hex/Ice        #####.       1%          2    None
c - Confuse               Hex            ######..     1%          3    None
d - Sure Blade            Hex/Chrm       #####.....   1%          2    None
e - Dazzling Spray        Conj/Hex       #####...     1%          3    None
f - Enslavement           Hex            ######..     1%          4    None
g - Cause Fear            Hex            ######....   1%          4    None
h - Mass Confusion        Hex            ######....   12%         6    #####..
i - Metabolic Englaciati  Hex/Ice        #####.....   17%         5    ###....
j - Inner Flame           Hex/Fire       #####...     1%          3    None


Dungeon Overview and Level Annotations

Branches:
Dungeon (1/1)

Altars:
Cheibriados
Dithmenos
Elyvilon
Fedhas
Gozag
Kikubaaqudgha
Makhleb
Nemelex Xobeh
Okawaru
Qazlal
Sif Muna
Trog
Vehumet
Xom
Yredelemnul
Zin
The Shining One
Beogh
Jiyva
Lugonu


Innate Abilities, Weirdness & Mutations

You are tiny and cannot use many weapons and most armour.
You have supernaturally acute eyesight.
You are a herbivore.
You cover ground extremely quickly.
You need consume almost no food.


Message History

An orc knight comes into view. It is wielding a war axe.
Found 50 gold pieces.
There is an open door to the Orcish Mines here.
The helpless orc fails to defend itself.
You spit the orc like a pig!!!!
You kill the orc!
An orc comes into view. It is wielding a flail.
The ettin shouts in stereo!
The orc shouts!
The orc shouts!
The orc warrior shouts!
The orc priest shouts!
The orc priest shouts!
The orc knight shouts!
The orc shouts!
The orc knight roars a battle-cry!
The orcs go into a battle-frenzy!
The ettin hits you but does no damage. The ettin hits you with a great mace!!!
Ouch! That really hurt!
* * * LOW HITPOINT WARNING * * *
Found 50 gold pieces.
Things that are here:
a hand axe; 50 gold pieces The orc priest calls down the wrath of Beogh upon you.
Something smites you!
You die...

___________'....['...))'.....<▓
▓▓▓▓▓▓▓▓▓▓▓▓▓▓▓▓▓▓▓▓▓▓▓▓▓▓▓▓▓▓▓
..............................▓
▓▓▓▓▓▓▓▓▓▓▓▓▓▓▓▓▓▓▓▓▓▓▓▓▓▓▓▓▓.▓
...%..%%'..%%.[)).....'.......▓
▓▓▓▓▓▓▓▓▓▓▓▓▓▓▓▓▓▓▓▓▓▓▓▓▓▓▓▓▓▓▓
..............................▓
▓▓▓▓▓▓▓▓▓▓▓▓▓▓▓▓▓▓▓▓▓▓▓▓▓▓▓▓▓.▓
oooooooC)@.............▓
▓▓▓▓▓▓▓▓▓▓▓▓▓▓▓▓▓▓▓▓▓▓▓▓


You could see an orc knight, an ettin, an orc warrior (frenzied), 2 orc priests
and 2 orcs.

Vanquished Creatures
  Harold (D)
  A griffon (D)
  3 spiny frogs (D)
  4 polar bears (D)
  2 yaks (D)
  4 hippogriffs (D)
  An ugly thing (D)
  2 water moccasins (D)
  A porcupine (D)
  An ice beast (D)
  4 black bears (D)
  A phantom (D)
  2 crocodiles (D)
  A giant frog (D)
  A scorpion (D)
  A crimson imp (D)
  A hound (D)
  A sheep (D)
  3 adders (D)
  A green rat (D)
  2 orcs (D)
  2 hobgoblins (D)
  2 giant newts (D)
  A goblin (D)
  A hobgoblin zombie (D)
  2 kobolds (D)
  A quokka (D)
  A rat (D)
48 creatures vanquished.

Vanquished Creatures (collateral kills)
  An orc warrior (D)
  A crocodile (D)
2 creatures vanquished.

Vanquished Creatures (others)
  A spatial maelstrom (D)
1 creature vanquished.

Grand Total: 51 creatures vanquished

Notes
Turn   | Place    | Note
--------------------------------------------------------------
     0 | D        | BluebellGnoll, the Spriggan Enchanter, began the quest for the Orb.
     0 | D        | Reached XP level 1. HP: 9/9 MP: 4/4
     4 | D        | Banished a spatial maelstrom
    10 | D        | Reached skill level 5 in Stealth
    15 | D        | Reached skill level 6 in Stealth
    31 | D        | Reached skill level 7 in Stealth
   144 | D        | Reached XP level 2. HP: 8/13 MP: 3/7
   150 | D        | Learned a level 2 spell: Ensorcelled Hibernation
   279 | D        | Reached skill level 8 in Stealth
   284 | D        | Found a glowing silver altar of Zin.
   284 | D        | Found a glowing golden altar of the Shining One.
   284 | D        | Found an ancient bone altar of Kikubaaqudgha.
   284 | D        | Found a basalt altar of Yredelemnul.
   284 | D        | Found a shimmering altar of Xom.
   284 | D        | Found a radiant altar of Vehumet.
   284 | D        | Found an iron altar of Okawaru.
   285 | D        | Found a burning altar of Makhleb.
   286 | D        | Found a deep blue altar of Sif Muna.
   287 | D        | Found a bloodstained altar of Trog.
   288 | D        | Found a sparkling altar of Nemelex Xobeh.
   289 | D        | Found a white marble altar of Elyvilon.
   290 | D        | Found a roughly hewn altar of Beogh.
   291 | D        | Found a viscous altar of Jiyva.
   292 | D        | Found a corrupted altar of Lugonu.
   293 | D        | Found a blossoming altar of Fedhas.
   294 | D        | Found a snail-covered altar of Cheibriados.
   295 | D        | Became a worshipper of Sif Muna the Loreminder
   296 | D        | Found a shadowy altar of Dithmenos.
   297 | D        | Found a stormy altar of Qazlal.
   298 | D        | Found an opulent altar of Gozag.
   317 | D        | Got the +4 quarterstaff "Demonbane" {holy, SInv}
   331 | D        | Noticed a giant frog
   331 | D        | Noticed a yak
   331 | D        | Noticed a hippogriff
   331 | D        | Noticed a hound
   331 | D        | Noticed a phantom
   331 | D        | Noticed a hippogriff
   333 | D        | Killed a phantom
   333 | D        | Reached skill level 13 in Stealth
   333 | D        | Reached XP level 3. HP: 16/16 MP: 9/9
   333 | D        | Reached XP level 4. HP: 21/21 MP: 12/12
   341 | D        | Killed a hippogriff
   341 | D        | Acquired Sif Muna's first power
   341 | D        | Acquired Sif Muna's second power
   341 | D        | Reached XP level 5. HP: 20/24 MP: 6/21
   353 | D        | Learned a level 3 spell: Confuse
   356 | D        | Learned a level 2 spell: Sure Blade
   360 | D        | Learned a level 3 spell: Dazzling Spray
   365 | D        | Learned a level 4 spell: Enslavement
   434 | D        | Killed a hound
   434 | D        | Reached XP level 6. HP: 28/28 MP: 14/24
   484 | D        | Killed a yak
   669 | D        | Killed a giant frog
   672 | D        | Killed a hippogriff
   672 | D        | Acquired Sif Muna's third power
   672 | D        | Reached skill level 10 in Spellcasting
   672 | D        | Reached skill level 10 in Hexes
   672 | D        | Reached XP level 7. HP: 12/32 MP: 21/28
   876 | D        | Noticed a griffon
   876 | D        | Noticed an ice beast
   876 | D        | Noticed a purple ugly thing
   876 | D        | Noticed a crimson imp
   876 | D        | Noticed an orc warrior
   876 | D        | Noticed a scorpion
   896 | D        | Killed an orc warrior
   896 | D        | Reached skill level 14 in Stealth
  1142 | D        | Killed a scorpion
  1145 | D        | Killed a crimson imp
  1175 | D        | Killed a purple ugly thing
  1175 | D        | Reached skill level 15 in Stealth
  1328 | D        | Killed an ice beast
  1344 | D        | Killed a griffon
  1344 | D        | Received a gift from Sif Muna
  1344 | D        | Reached skill level 16 in Stealth
  1344 | D        | Reached XP level 8. HP: 32/36 MP: 23/32
  1345 | D        | Identified Sif Muna's Volume of the Oath (Sif Muna gifted it to you in the Dungeon)
  1354 | D        | Learned a level 4 spell: Cause Fear
  1496 | D        | Noticed a crocodile
  1496 | D        | Noticed a yak
  1496 | D        | Noticed a spiny frog
  1496 | D        | Noticed a spiny frog
  1497 | D        | Noticed a spiny frog
  1500 | D        | Killed a spiny frog
  1521 | D        | Killed a yak
  1521 | D        | Reached skill level 5 in Short Blades
  1522 | D        | Killed a spiny frog
  1522 | D        | Reached XP level 9. HP: 39/39 MP: 30/33
  1531 | D        | Killed a crocodile
  1840 | D        | Killed a spiny frog
  1840 | D        | Reached skill level 10 in Dodging
  1863 | D        | Noticed a crocodile
  1863 | D        | Noticed a hippogriff
  1863 | D        | Noticed a water moccasin
  1863 | D        | Noticed a water moccasin
  1863 | D        | Noticed a hippogriff
  1865 | D        | Killed a hippogriff
  1869 | D        | Noticed a crocodile
  1870 | D        | Killed a water moccasin
  1900 | D        | Killed a hippogriff
  1900 | D        | Reached skill level 5 in Charms
  1911 | D        | Killed a crocodile
  2035 | D        | Killed a water moccasin
  2045 | D        | Killed a crocodile
  2045 | D        | Reached skill level 17 in Stealth
  2045 | D        | Reached skill level 1 in Conjurations
  2054 | D        | Noticed a porcupine
  2066 | D        | Killed a porcupine
  2118 | D        | Noticed a black bear
  2118 | D        | Noticed a black bear
  2118 | D        | Noticed a polar bear
  2118 | D        | Noticed a polar bear
  2118 | D        | Noticed a polar bear
  2118 | D        | Noticed a polar bear
  2118 | D        | Noticed a black bear
  2119 | D        | Noticed a black bear
  2120 | D        | Killed a black bear
  2150 | D        | Killed a polar bear
  2459 | D        | Killed a polar bear
  2473 | D        | Killed a black bear
  2476 | D        | Killed a polar bear
  2476 | D        | Reached skill level 18 in Stealth
  2481 | D        | Killed a black bear
  2483 | D        | Killed a black bear
  2495 | D        | Killed a polar bear
  2495 | D        | Reached XP level 10. HP: 44/44 MP: 26/34
  2509 | D        | Got the +2 cutlass of Famine {drain, rF+}
  2548 | D        | Noticed Harold
  2570 | D        | Killed Harold
  2570 | D        | Received a gift from Sif Muna
  2570 | D        | Reached skill level 19 in Stealth
  2570 | D        | Reached skill level 5 in Conjurations
  2571 | D        | Identified Sif Muna's Guide on the Frigorific Oath (Sif Muna gifted it to you in the Dungeon)
  2579 | D        | Learned a level 6 spell: Mass Confusion
  2585 | D        | Learned a level 5 spell: Metabolic Englaciation
  2721 | D        | Learned a level 3 spell: Inner Flame
  2721 | D        | Noticed an orc priest
  2721 | D        | Noticed an orc priest
  2721 | D        | Noticed an orc warrior
  2721 | D        | Noticed an ettin
  2722 | D        | Noticed an orc knight
  2724 | D        | HP: 1/44 [ettin/dire flail (43)]
  2725 | D        | Killed from afar by an orc priest

Action                   |  1- 3 |  4- 6 |  7- 9 | 10-12 || total
-------------------------+-------+-------+-------+-------++-------
Melee: Dagger            |    40 |       |       |       ||    40
       Cutlass           |       |     8 |    53 |    10 ||    71
 Cast: Corona            |     3 |       |       |       ||     3
       Ensorcelled Hiber |     2 |    10 |    23 |       ||    35
       Sure Blade        |       |     1 |     4 |       ||     5
       Confuse           |       |     2 |    21 |     2 ||    25
       Dazzling Spray    |       |       |     5 |     2 ||     7
Evoke: Wand              |     1 |     1 |       |       ||     2
  Use: Potion            |     1 |       |       |     1 ||     2
       Scroll            |       |       |     1 |       ||     1
 Stab: Sleeping          |     2 |     2 |    12 |     1 ||    17
       Confused          |       |       |     7 |       ||     7
       Invisible         |       |       |     2 |     2 ||     4
  Eat: Fruit             |       |       |       |     9 ||     9
